 Dungeon Crawl Stone Soup version 0.22-a0-196-gee22f2738c (webtiles) character file.

5154 RedPan the Ducker (level 10, 0/68 HPs)
             Began as an Octopode Wizard on Feb 17, 2018.
             Was a Priest of Nemelex Xobeh.
             Slain by a yak (16 damage)
             ... on level 8 of the Dungeon.
             The game lasted 00:52:24 (18569 turns).

RedPan the Ducker (Octopode Wizard)                Turns: 18569, Time: 00:52:25

Health: 0/68       AC:  2    Str:  6    XL:     10   Next: 59%
Magic:  12/20      EV: 18    Int: 22    God:    Nemelex Xobeh [***...]
Gold:   569        SH:  5    Dex: 17    Spells: 12/23 levels left

rFire    + . .     SeeInvis .   z - +2 rapier (elec)
rCold    x . .     Gourm    .   u - +0 buckler
rNeg     . . .     Faith    .   a - +1 hat
rPois    .         Spirit   .   l - amulet of the acrobat
rElec    .         Reflect  .   d - +4 ring of dexterity
rCorr    .         Harm     .   x - ring of fire
MR       .....                  (no ring)
Stlth    ++++......             (no ring)
HPRegen  0.21/turn              (no ring)
MPRegen  0.17/turn              (no ring)
                                (no ring)
                                (no ring)

@: no status effects
A: almost no armour, stealthy swim, amphibious, 8 rings, constrict 8, camouflage
1, gelatinous body 1
a: Triple Draw, Renounce Religion


You were on level 8 of the Dungeon.
You worshipped Nemelex Xobeh.
Nemelex Xobeh was most pleased with you.
You were not hungry.

You visited 2 branches of the dungeon, and saw 11 of its levels.
You also visited: Sewer and Ossuary.

You collected 569 gold pieces.

Inventory:

Hand Weapons
 e - a +1 dagger of holy wrath
 y - a +1 dagger of venom
 z - a +2 rapier of electrocution (weapon)
Armour
 a - a +1 hat (worn)
 u - a +0 buckler (worn)
 B - a +0 large shield
Jewellery
 d - a +4 ring of dexterity (left tentacle)
 l - an amulet of the acrobat (around mantle)
 x - a ring of fire (right tentacle)
Wands
 m - a wand of iceblast (1)
 n - a wand of polymorph (17)
Scrolls
 f - 3 scrolls of identify
 p - 3 scrolls of magic mapping
 s - a scroll of amnesia
 w - 3 scrolls of remove curse
 A - a scroll of random uselessness {unknown}
Potions
 g - 3 potions of heal wounds
 h - 4 potions of might
 i - 2 potions of agility
 j - 2 potions of curing
 k - 4 potions of lignification
 o - 2 potions of magic
 q - 4 potions of flight
 r - 2 potions of ambrosia
 t - a potion of resistance {unknown}
 D - 2 potions of brilliance {unknown}
Books
 b - a book of Minor Magic

   Spells                             Type                      Level
   a - Magic Dart                     Conjuration                  1
   b - Blink                          Translocation                2
   c - Call Imp                       Summoning                    2
   d - Slow                           Hexes                        2
   e - Conjure Flame                  Conjuration/Fire             3
   f - Mephitic Cloud                 Conjuration/Poison/Air       3
Comestibles
 c - 11 rations


   Skills:
 - Level 6.3 Fighting
 + Level 7.7 Dodging
 - Level 4.1 Stealth
 * Level 4.7 Shields
 - Level 7.0 Spellcasting
 - Level 5.6 Conjurations
 - Level 2.1 Summonings
 - Level 2.0 Translocations
 - Level 2.0 Fire Magic
 - Level 2.2 Air Magic
 - Level 2.6 Poison Magic
 + Level 2.0 Invocations


You had 12 spell levels left.
You knew the following spells:

 Your Spells              Type           Power        Failure   Level  Hunger
a - Magic Dart            Conj           ####         1%          1    None
b - Blink                 Tloc           N/A          5%          2    None
c - Call Imp              Summ           ###.....     5%          2    None
d - Mephitic Cloud        Conj/Pois/Air  ###.....     6%          3    None
e - Conjure Flame         Conj/Fire      #####...     4%          3    None


Dungeon Overview and Level Annotations

Branches:
Dungeon (10/15)            Temple (1/1) D:4            Lair (0/6) D:8
    Orc (0/2) D:10

Altars:
Ashenzari
Cheibriados
Dithmenos
Elyvilon
Fedhas
Gozag
Hepliaklqana
Makhleb
Nemelex Xobeh
Okawaru
Qazlal
Ru
Sif Muna
Trog
Uskayaw
Vehumet
Wu Jian
Yredelemnul
Zin
The Shining One

Shops:
D:5 [

Annotations:
D:7 Maurice
D:10 Nergalle


Innate Abilities, Weirdness & Mutations

You cannot wear most types of armour.
You are very stealthy in the water. (Stealth+)
You are amphibious.
You can wear up to eight rings at the same time.
You can use your tentacles to constrict eight enemies at once.
Your skin changes colour to match your surroundings (Stealth+).
Your rubbery body absorbs attacks. (AC +1, EV +1)


Message History

Confirm with . or Enter, or press ? or * to list all spells.
A beastly little devil appears in a puff of flame.
The yak gores you!
* * * LOW HITPOINT WARNING * * *
Casting: Call Imp (safe; 5% risk of failure)
Confirm with . or Enter, or press ? or * to list all spells.
A beastly little devil appears in a puff of flame.
The yak completely misses you.
Your crimson imp blinks!
Casting: Call Imp (safe; 5% risk of failure)
Confirm with . or Enter, or press ? or * to list all spells.
A shadowy apparition takes form in the air.
The yak misses you.
Your crimson imp hits the yak but does no damage.
Casting: Call Imp (safe; 5% risk of failure)
Confirm with . or Enter, or press ? or * to list all spells.
A beastly little devil appears in a puff of flame.
The yak gores you!
You die...
Your body glows slightly and disappears.

##########
#.....5.5#
#.....@Y.#
#........#
#...5.5..#
#
#........#
#
#........#
#
#........#
#
#........#
#
#........#
#
#.......>#


You could see a yak, 3 friendly crimson imps and a friendly shadow imp.

Vanquished Creatures
  A two-headed ogre (D:8)
  Joseph (D:7)
  A queen bee (D:7)
  2 humans (D:8)
  2 yaks (D:9)
  A sky beast (D:7)
  A black bear (D:8)
  An orc warrior (D:8)
  4 ogres
  2 phantoms
  A centaur (D:6)
  3 big kobolds
  4 bullfrogs
  A scorpion (D:9)
  9 killer bees
  An electric eel (D:8)
  2 bullfrog zombies (D:8)
  A centaur zombie (D:6)
  3 hounds
  2 jellies
  A centaur skeleton (D:8)
  An orc priest (D:8)
  A bullfrog skeleton (D:5)
  6 orc wizards
  2 iguanas
  4 worker ants
  A killer bee zombie (D:9)
  A big kobold zombie (Ossuary)
  A mummy (Ossuary)
  A worker ant zombie (D:8)
  2 gnolls (D:5)
  A howler monkey skeleton (D:9)
  6 adders
  A shadow imp (D:8)
  14 oozes
  An adder skeleton (D:5)
  A worm (D:4)
  3 dart slugs (D:2)
  16 leopard geckos
  15 orcs
  10 giant cockroaches
  5 goblins
  5 hobgoblins
  10 jackals
  32 kobolds
  3 quokkas
  7 ball pythons
  10 bats
  15 frilled lizards
  A gnoll zombie (Ossuary)
  A goblin zombie (D:4)
  4 hobgoblin zombies (Ossuary)
  A kobold zombie (Ossuary)
  A quokka skeleton (D:6)
  3 quokka zombies
  9 rats
239 creatures vanquished.

Vanquished Creatures (collateral kills)
  A hippogriff (D:9)
  A steam dragon (D:6)
  An ogre (D:7)
  A centaur (D:5)
  3 bullfrogs
  A scorpion (D:7)
  17 killer bees
  A crimson imp (D:8)
  2 howler monkeys
  A bullfrog zombie (D:5)
  A centaur zombie (D:3)
  2 orc priests
  A hound (D:6)
  A jelly (D:6)
  2 orc wizards
  3 worker ants
  A hound zombie (D:7)
  7 mummies (Ossuary)
  4 gnolls (D:5)
  5 adders
  A shadow imp (D:7)
  2 oozes (Sewer)
  4 worms
  A leopard gecko (Sewer)
  13 orcs
  2 giant cockroaches
  A goblin (D:2)
  A hobgoblin (D:2)
  A jackal (D:7)
  3 frilled lizards (Sewer)
  10 kobolds
  A kobold zombie (Ossuary)
  A quokka zombie (D:7)
97 creatures vanquished.

Grand Total: 336 creatures vanquished

Notes
Turn   | Place    | Note
-------+----------+-------------------------------------------
     0 | D:1      | RedPan the Octopode Wizard began the quest for the Orb.
     0 | D:1      | Reached XP level 1. HP: 11/11 MP: 4/4
   239 | D:1      | Reached XP level 2. HP: 9/17 MP: 0/6
   393 | D:1      | Learned a level 2 spell: Blink
   396 | D:1      | Learned a level 2 spell: Call Imp
  1612 | D:2      | Reached XP level 3. HP: 19/21 MP: 1/7
  2022 | D:2      | Learned a level 3 spell: Mephitic Cloud
  2415 | D:2      | Reached XP level 4. HP: 24/27 MP: 1/9
  2577 | D:2      | HP: 1/27 [orc wizard/enchanted dagger (4)]
  2927 | D:2      | Reached XP level 5. HP: 30/31 MP: 3/10
  3124 | D:2      | Learned a level 3 spell: Conjure Flame
  3509 | D:3      | Found a hide-covered altar of Uskayaw.
  3573 | D:3      | Found a glowing drain.
  3614 | Sewer    | Entered a sewer
  3907 | Sewer    | Reached skill level 1 in Poison Magic
  4052 | Sewer    | Reached skill level 1 in Air Magic
  4411 | Sewer    | Reached XP level 6. HP: 36/36 MP: 3/11
  5342 | D:3      | Found a glowing golden altar of the Shining One.
  5927 | D:4      | Found a burning altar of Makhleb.
  5927 | D:4      | Noticed a balrug
  5953 | D:4      | Found a sand-covered staircase.
  6006 | Ossuary  | Entered an ossuary
  6362 | Ossuary  | Reached XP level 7. HP: 41/41 MP: 5/13
  6435 | Ossuary  | Reached skill level 1 in Fire Magic
  6780 | D:4      | Reached skill level 1 in Fighting
  8082 | D:4      | Found a staircase to the Ecumenical Temple.
  8287 | Temple   | Entered the Ecumenical Temple
  8470 | Temple   | Became a worshipper of Nemelex Xobeh the Trickster
  8519 | D:5      | Entered Level 5 of the Dungeon
  8601 | D:5      | Found Ocoev's Antique Armour Emporium.
  8619 | D:5      | Received a gift from Nemelex Xobeh
  8880 | D:5      | Reached skill level 1 in Shields
  9213 | D:5      | Reached XP level 8. HP: 43/49 MP: 9/14
  9298 | D:5      | HP: 1/50 [centaur (5)]
 10649 | D:6      | Reached * piety under Nemelex Xobeh
 11063 | D:6      | Received a gift from Nemelex Xobeh
 11636 | D:6      | Found a blossoming altar of Fedhas.
 12199 | D:7      | Reached skill level 5 in Dodging
 12538 | D:7      | Reached skill level 5 in Spellcasting
 12571 | D:7      | Reached XP level 9. HP: 51/57 MP: 7/16
 12851 | D:7      | Reached ** piety under Nemelex Xobeh
 13044 | D:7      | Found an opulent altar of Gozag.
 13454 | D:7      | Noticed Joseph
 13473 | D:7      | Killed Joseph
 13989 | D:8      | Noticed a two-headed ogre
 14307 | D:8      | Received a gift from Nemelex Xobeh
 14673 | D:8      | Reached skill level 5 in Fighting
 14890 | D:8      | Noticed a queen bee
 14909 | D:7      | Killed a queen bee
 15101 | D:8      | Killed a two-headed ogre
 15101 | D:8      | Reached skill level 5 in Conjurations
 15101 | D:8      | Reached XP level 10. HP: 28/66 MP: 0/19
 15315 | D:8      | Noticed Maurice
 15621 | D:8      | Found a staircase to the Lair.
 16638 | D:8      | Found an iron altar of Okawaru.
 17068 | D:8      | Received a gift from Nemelex Xobeh
 17510 | D:8      | Found an opulent altar of Gozag.
 17768 | D:8      | Reached skill level 1 in Invocations
 17917 | D:9      | Noticed a two-headed ogre
 17986 | D:9      | Reached *** piety under Nemelex Xobeh
 18365 | D:9      | Received a gift from Nemelex Xobeh
 18487 | D:9      | You fall through a shaft!
 18487 | D:10     | Entered Level 10 of the Dungeon
 18487 | D:10     | Noticed Nergalle
 18492 | D:10     | Noticed a gargoyle
 18569 | D:8      | Slain by a yak

Vault maps used:
D:1:      mainiacjoe_arrival_reflecting_pool
D:2:      minmay_ruptured
D:3:      eat_drink_and_be_merry_uskayaw, nicolae_overflow_crystal_walls,
          cheibrodos_sewer_entry_bend
D:4:      kennysheep_kobold_camp, nicolae_overflow_hidden_temple, temple_hall,
          enter_ossuary_4, makhleb_altar_promises_db
D:5:      serial_shops, nicolae_shop_overgrown_old_shop, first_ration
D:6:      fedhas_altar_1
D:7:      nicolae_gozag_cash_rules_everything_around_me, uniq_joseph
D:8:      lair_entry_dummy, david_nohive_1, kennysheep_flooded_box,
          okawaru_humans, uniq_maurice
D:9:      serial_shops, shop
D:10:     kennysheep_steamy, kennysheep_orc_monster_closet_entryway,
          uniq_erolcha, uniq_grum, uniq_nergalle
Temple:   eino_temple_scatter_basement
Sewer:    sewer_frog_island_02
Ossuary:  ossuary_tomb_3

Skill      XL: |  1  2  3  4  5  6  7  8  9 10 |
---------------+-------------------------------+-----
Stealth        | 3 4 |  4.1
Conjurations   | 2 3 4 5 |  5.6
Dodging        | 3 4 5 6 7 |  7.7
Poison Magic   | 1 2 |  2.6
Air Magic      | 1 2 |  2.2
Spellcasting   | 4 5 6 7 |  7.0
Fire Magic     | 2 |  2.0
Translocations | 2 |  2.0
Fighting       | 1 3 5 6 |  6.3
Summonings     | 2 |  2.1
Shields        | 1 4 |  4.7
Invocations    | 2 |  2.0

Action                   |  1- 3 |  4- 6 |  7- 9 | 10-12 || total
-------------------------+-------+-------+-------+-------++-------
Melee: Dagger            |    12 |    52 |    58 |    54 ||   176
       Tentacles         |     1 |     6 |    16 |    14 ||    37
       Constrict         |     4 |    13 |    17 |    17 ||    51
       Rapier            |       |       |    18 |    24 ||    42
 Cast: Magic Dart        |    80 |   203 |   271 |    81 ||   635
       Call Imp          |     7 |    47 |   108 |   116 ||   278
       Mephitic Cloud    |       |     1 |     2 |       ||     3
       Conjure Flame     |       |       |     2 |       ||     2
       Blink             |       |       |     2 |     3 ||     5
Evoke: Deck              |       |       |    20 |     8 ||    28
       Wand              |       |       |     8 |     1 ||     9
  Use: Scroll            |       |     9 |    11 |     2 ||    22
       Potion            |       |     2 |     1 |     3 ||     6
 Stab: Confused          |       |       |     3 |       ||     3
       Distracted        |       |       |     1 |     2 ||     3
       Sleeping          |       |       |     2 |     1 ||     3
       Petrified         |       |       |     1 |       ||     1
  Eat: Chunk             |     5 |    10 |    15 |     2 ||    32
       Ration            |       |     1 |     3 |     3 ||     7
Armor: Skin              |     2 |     6 |    12 |     7 ||    27
Dodge: Dodged            |    17 |    35 |   159 |   150 ||   361
Block: Buckler           |       |       |    53 |    57 ||   110

Table legend:
 A = Spawn XP
 B = Non-spawn XP
 C = Spawn XP percentage of total XP
 D = Spawn monster count
 E = Non-spawn monster count
 F = Spawn count percentage of total count
 G = Total turns spent on level
                    A         B        C        D         E        F      G
               +---------+---------+-------+---------+---------+-------+---------
         Total |       0 |    7363 |   0.0 |       0 |     335 |   0.0 | 18569
               +---------+---------+-------+---------+---------+-------+---------
           D:1 |       0 |      30 |   0.0 |       0 |      17 |   0.0 |  1547
           D:2 |       0 |     145 |   0.0 |       0 |      40 |   0.0 |  1758
           D:3 |       0 |      93 |   0.0 |       0 |      22 |   0.0 |  1157
           D:4 |       0 |     338 |   0.0 |       0 |      30 |   0.0 |  1923
           D:5 |       0 |     464 |   0.0 |       0 |      33 |   0.0 |  1878
           D:6 |       0 |     497 |   0.0 |       0 |      23 |   0.0 |  1577
           D:7 |       0 |    1627 |   0.0 |       0 |      37 |   0.0 |  3448
           D:8 |       0 |    2871 |   0.0 |       0 |      47 |   0.0 |  2468
           D:9 |       0 |     916 |   0.0 |       0 |      18 |   0.0 |   558
         Sewer |       0 |     270 |   0.0 |       0 |      52 |   0.0 |  1415
       Ossuary |       0 |     112 |   0.0 |       0 |      16 |   0.0 |   630
               +---------+---------+-------+---------+---------+-------+---------
